 Dungeon Crawl Stone Soup version 0.28.0-55-gcd9437bce4 (webtiles) character file.

Game seed: 10248798874545388575

213742 Atelerd the Eclecticist (level 18, 0/110 HPs)
             Began as an Octopode Earth Elementalist on Jan 4, 2023.
             Was an Elder of Sif Muna.
             Killed from afar by a deep elf zephyrmancer (29 damage)
             ... with a bolt of lightning
             ... on level 1 of the Elven Halls on Jan 5, 2023.
             The game lasted 02:39:03 (54402 turns).

Atelerd the Eclecticist (OpEE)                     Turns: 54402, Time: 02:39:04

Health: 0/110      AC: 14    Str:  8    XL:     18   Next: 97%
Magic:  15/38      EV: 19    Int: 24    God:    Sif Muna [****..]
Gold:   108        SH:  5    Dex: 19    Spells: 8/49 levels left

rFire   . . .      SeeInvis +   o - +2 short sword (elec)
rCold   + . .      Faith    .   (no shield)
rNeg    . . .      Spirit   .   a - +1 hat {Will+}
rPois   .          Reflect  +   r - amulet of reflection
rElec   .          Harm     .   Y - ring of wizardry
rCorr   .          Rampage  .   h - ring of wizardry
Will    ++...                   G - ring of protection from cold
Stlth   +++++++...              J - +4 ring of slaying
HPRegen 0.28/turn               T - ring "Jec Haez" {Dex+6 SInv}
MPRegen 0.26/turn               U - +4 ring of protection
                                S - +4 ring of protection
                                L - +4 ring of protection

@: on blink cooldown, studying Polearms
A: almost no armour, amphibious, 8 rings, camouflage 1, gelatinous body 1,
(nimble swimmer 1), tentacles
}: 1/15 runes: decaying
a: Renounce Religion, Channel Magic, Forget Spell, Divine Exegesis


You were on level 1 of the Elven Halls.
You worshipped Sif Muna.
Sif Muna was greatly pleased with you.
You visited 7 branches of the dungeon, and saw 32 of its levels.
You visited 1 bazaar.
You also visited: Gauntlet and Ice Cave.

You collected 3343 gold pieces.
You spent 3235 gold pieces at shops.

Inventory:

Hand Weapons
 o - a +2 short sword of electrocution (weapon)
 Z - the +5 shortbow of Wyrd {speed, Will+ MP+9 Int+3}
   (You bought it in a shop in a bazaar)

   Attacks with this weapon are significantly faster.
   Int:       It affects your intelligence (+3).
   MP:        It affects your magic capacity (+9).
   Will:      It increases your willpower.
Missiles
 b - 97 stones
Armour
 a - a +1 hat of willpower (worn)
 R - a +2 buckler
Magical Staves
 i - a staff of earth
Jewellery
 h - a ring of wizardry (right tentacle)
 r - an amulet of reflection (around mantle)
 s - the ring "Zyizis" {rN+ Str+4 Dex+4}
   (You found it in an ice cave)

   [ring of positive energy]

   Str:       It affects your strength (+4).
   Dex:       It affects your dexterity (+4).
   rN:        It protects you from negative energy.
 z - a ring of protection from fire
 C - a ring of protection from cold
 G - a ring of protection from cold (on tentacle)
 J - a +4 ring of slaying (on tentacle)
 L - a +4 ring of protection (on tentacle)
 S - a +4 ring of protection (on tentacle)
 T - the ring "Jec Haez" (on tentacle) {Dex+6 SInv}
   (You bought it in a shop on level 2 of the Orcish Mines)

   [ring of dexterity]

   Dex:       It affects your dexterity (+6).
   SInv:      It lets you see invisible.
 U - a +4 ring of protection (on tentacle)
 Y - a ring of wizardry (left tentacle)
Wands
 v - a wand of iceblast (16)
 B - a wand of mindburst (18)
 D - a wand of digging (16)
 H - a wand of acid (1)
 K - a wand of charming (3)
Scrolls
 g - 8 scrolls of teleportation
 k - 6 scrolls of fog
 m - a scroll of silence {unknown}
 p - 4 scrolls of vulnerability
 q - 4 scrolls of fear
 w - 6 scrolls of blinking
 x - 6 scrolls of enchant armour
 y - a scroll of torment
 A - 2 scrolls of magic mapping
 E - 4 scrolls of brand weapon
 N - 3 scrolls of enchant weapon
 P - a scroll of acquirement {unknown}
 Q - 2 scrolls of immolation
 X - a scroll of holy word
Potions
 c - 2 potions of resistance
 d - 5 potions of curing
 e - 3 potions of attraction
 f - 4 potions of brilliance
 j - a potion of berserk rage
 l - 2 potions of haste
 n - 4 potions of heal wounds
 t - 7 potions of mutation
 u - 4 potions of might
 I - 9 potions of ambrosia
 M - a potion of cancellation
 O - a potion of invisibility
 V - a potion of magic
 W - 2 potions of flight


   Skills:
 - Level 6.0 Fighting
 - Level 6.0 Short Blades
 - Level 10.0 Dodging
 - Level 15.0 Stealth
 + Level 9.9 Shields
 + Level 16.3 Spellcasting
 - Level 10.0 Conjurations
 - Level 2.0 Translocations
 - Level 4.0 Transmutations
 - Level 5.0 Ice Magic
 - Level 15.0 Air Magic
 - Level 10.0 Earth Magic
 - Level 3.0 Poison Magic
 - Level 12.0 Invocations
 - Level 4.0 Evocations


You had 8 spell levels left.
You knew the following spells:

 Your Spells              Type           Power      Damage    Failure   Level
a - Sandblast             Erth           100%       2d20      1%          1
c - Blink                 Tloc           58%        N/A       1%          2
d - Freezing Cloud        Conj/Ice/Air   30%        6-21      1%          5
e - Olgreb's Toxic Radia  Pois           34%        N/A       2%          4
f - Ignite Poison         Fire/Tmut/Pois 30%        N/A       1%          3
g - Maxwell's Capacitive  Air            37%        ∞         11%         8
i - Airstrike             Air            37%        N/A       1%          4
l - Lee's Rapid Deconstr  Erth           30%        3d17*     1%          5
p - Petrify               Tmut/Erth      52%        N/A       1%          4
v - Borgnjor's Vile Clut  Necr/Erth      21%        N/A       2%          5

Your spell library contained the following spells:

 Spells                   Type           Power      Damage    Failure   Level
 Swiftness                Air            75%        N/A       0%          3
 Animate Skeleton         Necr           38%        N/A       1%          1
 Apportation              Tloc           58%        N/A       1%          1
 Foxfire                  Conj/Fire      100%       2x1d9     1%          1
 Freeze                   Ice            100%       1d11      1%          1
 Pain                     Necr           76%        1d7       1%          1
 Sting                    Tmut/Pois      100%       1d8       1%          1
 Summon Small Mammal      Summ           76%        N/A       1%          1
 Call Imp                 Summ           19%        N/A       1%          2
 Corpse Rot               Necr/Air       100%       N/A       1%          2
 Ensorcelled Hibernation  Hex/Ice        62%        N/A       1%          2
 Passwall                 Tmut/Erth      43%        N/A       1%          2
 Poisonous Vapours        Pois/Air       100%       N/A       1%          2
 Scorch                   Fire           38%        2d7       1%          2
 Static Discharge         Conj/Air       68%        N/A       1%          2
 Sublimation of Blood     Necr           19%        N/A       1%          2
 Wereblood                Tmut           38%        N/A       1%          2
 Conjure Flame            Conj/Fire      43%        6-21      1%          3
 Frozen Ramparts          Ice            86%        1d10      1%          3
 Gell's Gravitas          Tloc           29%        N/A       1%          3
 Mephitic Cloud           Conj/Pois/Air  59%        N/A       1%          3
 Ozocubu's Armour         Ice            43%        N/A       1%          3
 Stone Arrow              Conj/Erth      100%       3d13      1%          3
 Teleport Other           Tloc           29%        N/A       1%          3
 Flame Wave               Conj/Fire      43%        2d9       1%          4
 Hailstorm                Conj/Ice       53%        3d12      1%          4
 Leda's Liquefaction      Hex/Erth       21%        N/A       1%          4
 Summon Lightning Spire   Summ/Air       53%        N/A       1%          4
 Silence                  Hex/Air        26%        N/A       1%          5
 Conjure Ball Lightning   Conj/Air       34%        3x3d11    1%          6
 Inner Flame              Hex/Fire       19%        N/A       2%          3
 Vampiric Draining        Necr           19%        2d7       2%          3
 Fireball                 Conj/Fire      21%        3d10      2%          5
 Alistair's Intoxication  Tmut/Pois      24%        N/A       5%          5
 Cause Fear               Hex            9%         N/A       7%          4
 Dispel Undead            Necr           19%        3d11      7%          4
 Statue Form              Tmut/Erth      34%        N/A       7%          6
 Manifold Assault         Tloc           29%        N/A       9%          5
 Yara's Violent Unravell  Hex/Tmut       14%        3d7       9%          5
 Storm Form               Tmut/Air       30%        N/A       13%         7
 Starburst                Conj/Fire      21%        6d7       14%         6
 Agony                    Necr           19%        N/A       19%         5
 Eringya's Noxious Bog    Tmut/Pois      18%        N/A       24%         6
 Simulacrum               Ice/Necr       15%        N/A       36%         6
 Dispersal                Tloc           14%        N/A       41%         6
 Ozocubu's Refrigeration  Ice            21%        4d9       56%         7
 Death Channel            Necr           9%         N/A       67%         6
 Dragon Form              Tmut           19%        N/A       71%         7
 Summon Hydra             Summ           9%         N/A       99%         7
 Chain Lightning          Conj/Air       34%        3d45      97%         9
 Death's Door             Necr           9%         N/A       100%        9
 Dragon's Call            Summ           9%         N/A       100%        9
 Fire Storm               Conj/Fire      21%        8d6       100%        9
 Shatter                  Erth           30%        3d25*     100%        9


Dungeon Overview and Level Annotations

Branches:
Dungeon (15/15)            Temple (1/1) D:5            Lair (6/6) D:11
  Swamp (4/4) Lair:2        Snake (3/4) Lair:2        Slime (0/5) Lair:5
    Orc (2/2) D:12            Elf (1/3) Orc:2        Vaults (0/5) D:13
 Depths (0/4) D:15          IceCv (visited)         Gauntlet (visited)

Altars:
Ashenzari
Cheibriados
Dithmenos
Gozag
Hepliaklqana
Kikubaaqudgha
Makhleb
Nemelex Xobeh
Okawaru
Qazlal
Sif Muna
Uskayaw
Vehumet
Wu Jian
Xom
The Shining One
Beogh

Shops:
D:4 =   D:6 [   Orc:2 (=?[[   Elf:1 [   Snake:1 =?!   Snake:2 !

Portals:
Trove: D:15 (give 17 scrolls of teleportation)

Annotations:
D:5 exclusion: upstairs
D:10 exclusion: downstairs
Lair:2 exclusion: upstairs
Lair:3 exclusion: downstairs
Swamp:2 exclusion: upstairs
Swamp:3 exclusion: downstairs
Snake:1 exclusion: downstairs
Snake:2 exclusion: 3 downstairs


Innate Abilities, Weirdness & Mutations

You cannot wear most types of armour.
You are amphibious.
You can wear up to eight rings at the same time.
Your skin changes colour to match your surroundings (Stealth+).
Your rubbery body absorbs attacks. (AC +1, EV +1)
((You are camouflaged when in or above water. (Stealth+)))
You have tentacles for arms and can constrict up to eight enemies at once.


Message History

Press: ? - help, Dir - move target, f/p - +4 vorpal long sword
Aim: a +4 vorpal long sword (moderately damaged, empty space bonus: 1/8)
The air twists around and strikes the +4 vorpal long sword!
The +4 vorpal long sword is severely damaged.
The +4 vorpal long sword hits you! x2
Unknown command.
Casting: Airstrike (safe; 1% risk of failure)
Confirm with . or Enter, or press ? or * to list all spells.
Aiming: Airstrike (safe; 1% risk of failure)
Press: ? - help, Dir - move target, f/p - +4 vorpal long sword
Aim: a +4 vorpal long sword (severely damaged, empty space bonus: 1/8)
The air twists around and strikes the +4 vorpal long sword.
The +4 vorpal long sword is severely damaged.
The +4 vorpal long sword hits you. x2
* * * LOW HITPOINT WARNING * * *
x2
Casting: Airstrike (safe; 1% risk of failure)
Confirm with . or Enter, or press ? or * to list all spells.
You blink.
You feel less invigorated.
The deep elf zephyrmancer mumbles some strange words.
The deep elf zephyrmancer blinks!
Casting: Blink (safe; 1% risk of failure)
Confirm with . or Enter, or press ? or * to list all spells.
Aiming: Airstrike (safe; 1% risk of failure)
Press: ? - help, Dir - move target, f/p - +4 vorpal long sword
Aim: a +4 vorpal long sword (severely damaged, empty space bonus: 2/8)
The air twists around and strikes the +4 vorpal long sword.
The +4 vorpal long sword is severely damaged.
The deep elf zephyrmancer casts a spell at you.
The bolt of lightning misses you.
Casting: Airstrike (safe; 1% risk of failure)
Confirm with . or Enter, or press ? or * to list all spells.
Aiming: Airstrike (safe; 1% risk of failure)
Press: ? - help, Dir - move target, f/p - +4 vorpal long sword
Aim: a +4 vorpal long sword (severely damaged, empty space bonus: 6/8)
The air twists around and strikes the +4 vorpal long sword!
The +4 vorpal long sword falls from the air.
Sif Muna accepts your kill.
The deep elf zephyrmancer gestures at you while chanting.
The bolt of lightning hits you!!
You die...

#################
#....)..........#
########.#####).@......#
#........# #≈≈≈≈≈≈≈≈≈#
#.......## #≈≈≈≈≈≈≈≈≈#
.........# #8≈≈≈≈≈≈≈8#
.........# #####e#####
...).....# #...)§....+
..).)....# #.........#
)...)....# +..#####..#
.).).....# #..#####..'.


You could see a deep elf zephyrmancer.

Vanquished Creatures
  the Lernaean hydra (Swamp:4)
  Bai Suzhen (Swamp:4)
  Jorgrun (D:12)
  A lich (IceCv)
  Frances (D:14)
  The ghost of Silenth the Unseen, an adept KoHu of Okawaru (Swamp:4)
  A fenstrider witch (Swamp:1)
  2 very ugly things
  3 slime creatures (D:14)
  4 eleionomae
  A minotaur (Gauntlet)
  4 bunyips (Swamp:2)
  A deep elf death mage (Elf:1)
  A fire dragon (Lair:6)
  Harold (D:7)
  2 ghost crabs (Swamp:3)
  2 boulder beetles (D:14)
  4 naga warriors
  8 vault guards (D:13)
  11 anacondas
  An ogre mage (D:15)
  2 caustic shrike simulacra (IceCv)
  30 hydras
  4 centaur warriors
  2 tengu warriors
  10 alligators
  5 death yaks (Lair:6)
  6 two-headed ogres
  7 dancing weapons
  5 orc high priests
  3 shock serpents
  Sonja (Lair:1)
  A deep elf knight (Elf:1)
  5 naga sharpshooters
  A salamander mystic (Snake:2)
  6 goliath frogs
  8 sea snakes (Snake:2)
  A death drake (Swamp:3)
  7 spriggan druids
  10 swamp dragons
  2 deep elf archers (Elf:1)
  An obsidian statue (IceCv)
  5 naga ritualists
  A lindwurm (Lair:6)
  4 bog bodies
  2 wizards
  8 deep elf zephyrmancers
  2 necromancers
  5 mana vipers
  16 deep elf pyromancers
  24 ugly things
  5 orc knights
  7 orc sorcerers
  A wolf spider (Lair:1)
  2 cyclopes
  11 salamanders
  A moth of wrath (Gauntlet)
  2 will-o-the-wisps
  3 manticores
  A guardian serpent (Snake:3)
  30 black mambas
  4 naga magi
  3 elephants (Lair:4)
  2 molten gargoyles (Lair:6)
  A torpor snail (Lair:3)
  15 cane toads
  The ghost of Descartes the Covert, a novice FeDe (D:8)
  14 komodo dragons
  Psyche (D:11)
  5 anaconda simulacra (IceCv)
  2 kobold demonologists
  An efreet (D:15)
  18 freezing wraiths
  7 rime drakes
  3 yaktaurs (D:13)
  4 ice devils (IceCv)
  A golden dragon simulacrum (IceCv)
  A queen bee (D:13)
  6 tyrant leeches
  6 meliai
  8 hornets
  4 polar bears
  2 trolls (D:12)
  2 bloated husks
  A wolf spider simulacrum (D:15)
  4 dream sheep (Lair:6)
  19 blink frogs
  8 flying skulls (Gauntlet)
  A shadow (D:10)
  A wyvern (shapeshifter) (D:15)
  A vampire (D:13)
  9 spriggans
  2 water elementals (Elf:1)
  4 wyverns
  A wraith (D:13)
  45 yaks
  5 centaur simulacra
  3 dire elephant simulacra (IceCv)
  The ghost of peterlawrence the Covered, an amateur MiFi (D:4)
  7 vampire mosquitoes
  Menkaure (D:5)
  11 basilisks
  A steam dragon (Lair:6)
  12 swamp worms
  3 wargs
  22 nagas
  3 harpy simulacra (IceCv)
  8 water moccasins
  5 hell hounds (Lair:6)
  A hydra simulacrum (IceCv)
  7 swamp drakes
  An ettin simulacrum (IceCv)
  7 ice beasts
  22 orc warriors
  A hornet zombie (D:5)
  4 alligator simulacra (IceCv)
  3 black bears
  4 boggarts (D:15)
  21 wolves
  7 ogres
  17 centaurs
  A phantom (D:5)
  A kobold brigand (D:12)
  A gnoll sergeant (D:12)
  14 bullfrogs
  2 deep troll simulacra (IceCv)
  4 scorpions
  A water moccasin zombie (D:6)
  33 killer bees
  A lindwurm simulacrum (IceCv)
  7 wights
  5 electric eels
  2 howler monkeys
  2 bullfrog zombies
  4 centaur zombies
  5 lava snakes (Lair:6)
  3 hounds
  Crazy Yiuf (D:7)
  2 bullfrog skeletons
  A gnoll shaman (D:8)
  5 centaur skeletons
  20 orc priests
  A jelly (D:4)
  2 iguanas
  An iron imp (D:6)
  14 orc wizards
  A hound skeleton (D:5)
  2 howler monkey zombies (D:9)
  20 gnolls
  8 adders
  3 shadow imps
  3 white imps
  5 ufetubi
  An adder skeleton (D:4)
  A worm (D:2)
  2 dart slugs (D:1)
  79 orcs
  6 endoplasms
  A giant cockroach (D:4)
  11 goblins
  7 hobgoblins
  7 jackals
  8 quokkas
  7 ball pythons
  3 bats
  6 frilled lizards
  13 kobolds
  A rat (D:1)
1011 creatures vanquished.

Vanquished Creatures (collateral kills)
  2 flying skulls (Gauntlet)
2 creatures vanquished.

Vanquished Creatures (others)
  A steam dragon (D:7)
  An orc wizard (D:10)
  4 foxfires (Swamp:2)
  117 fungi
  134 plants
  2 withered plants (Swamp:4)
259 creatures vanquished.

Grand Total: 1272 creatures vanquished

Notes
Turn   | Place    | Note
-------+----------+-------------------------------------------
     0 | D:1      | Atelerd the Octopode Earth Elementalist began the quest for
                  | the Orb.
     0 | D:1      | Reached XP level 1. HP: 11/11 MP: 3/3
   354 | D:1      | Reached XP level 2. HP: 17/17 MP: 3/5
   769 | D:1      | Reached XP level 3. HP: 15/21 MP: 2/6
  1115 | D:1      | Found a faded altar of an unknown god.
  1602 | D:2      | Found a hazy altar of Hepliaklqana.
  2054 | D:2      | Reached XP level 4. HP: 27/27 MP: 6/8
  2404 | D:3      | Reached skill level 3 in Spellcasting
  2431 | D:3      | Found a shadowy altar of Dithmenos.
  2470 | D:3      | Reached XP level 5. HP: 30/32 MP: 5/9
  2610 | D:3      | Found a large runed translucent door.
  2610 | D:3      | Found a large runed translucent door.
  2614 | D:3      | Found a shimmering altar of Xom.
  3074 | D:3      | Reached skill level 1 in Short Blades
  3902 | D:4      | Found a large runed translucent door.
  3902 | D:4      | Found a large runed translucent door.
  3906 | D:4      | Noticed a yak
  3907 | D:4      | Noticed a yak
  3911 | D:4      | Reached XP level 6. HP: 37/37 MP: 8/11
  3911 | D:4      | Noticed a yak
  3916 | D:5      | Entered Level 5 of the Dungeon
  3975 | D:5      | Reached skill level 4 in Spellcasting
  3980 | D:5      | Learned a level 4 spell: Petrify
  4032 | D:5      | Found a staircase to the Ecumenical Temple.
  4041 | D:5      | Reached skill level 1 in Fighting
  4041 | D:5      | Reached skill level 5 in Earth Magic
  4053 | Temple   | Entered the Ecumenical Temple
  4163 | Temple   | Became a worshipper of Sif Muna the Loreminder
  4360 | D:5      | Reached XP level 7. HP: 43/43 MP: 7/13
  4754 | D:5      | Reached skill level 5 in Stealth
  4943 | D:5      | Noticed Menkaure
  4951 | D:5      | Killed Menkaure
  4952 | D:5      | Reached XP level 8. HP: 48/48 MP: 12/15
  5329 | D:5      | Reached skill level 5 in Spellcasting
  5758 | D:6      | Found Liuza's Antique Armour Shoppe.
  5845 | D:6      | Reached skill level 1 in Invocations
  6003 | D:6      | Reached * piety under Sif Muna
  6370 | D:6      | Found a snail-covered altar of Cheibriados.
  6472 | D:6      | Reached XP level 9. HP: 51/57 MP: 13/17
  7051 | D:7      | Found a glowing golden altar of the Shining One.
  7424 | D:7      | Found a runed translucent door.
  7425 | D:7      | Noticed Crazy Yiuf
  7692 | D:7      | Killed Crazy Yiuf
  7776 | D:7      | Noticed Harold
  7869 | D:7      | Killed Harold
  7870 | D:7      | Reached skill level 5 in Fighting
  7870 | D:7      | Reached skill level 6 in Spellcasting
  8191 | D:8      | Found a runed translucent door.
  8195 | D:8      | Noticed Descartes's ghost (novice FeDe)
  8377 | D:8      | Learned a level 3 spell: Mephitic Cloud
  8381 | D:8      | Learned a level 3 spell: Ignite Poison
  8387 | D:8      | Learned a level 5 spell: Freezing Cloud
  8638 | D:8      | Reached skill level 1 in Air Magic
  8657 | D:8      | Reached XP level 10. HP: 64/68 MP: 3/19
  9583 | D:9      | Reached skill level 5 in Dodging
  9814 | D:9      | Found an ancient bone altar of Kikubaaqudgha.
 10516 | D:10     | Entered Level 10 of the Dungeon
 10705 | D:10     | Identified the +7 quarterstaff "Xaetofi" {vorpal, SInv}
 10864 | D:10     | Noticed a two-headed ogre
 10890 | D:10     | Killed a two-headed ogre
 10891 | D:10     | Reached skill level 7 in Spellcasting
 11159 | D:10     | Found a sparkling altar of Nemelex Xobeh.
 11553 | D:10     | Found a broken altar of Ashenzari.
 11576 | D:10     | Noticed a two-headed ogre
 11593 | D:10     | Killed a two-headed ogre
 11593 | D:10     | Reached ** piety under Sif Muna
 11594 | D:10     | Reached skill level 5 in Air Magic
 11774 | D:10     | Found an opulent altar of Gozag.
 11821 | D:10     | Found a shimmering altar of Xom.
 12016 | D:11     | Noticed a kobold demonologist
 12020 | D:11     | Killed a kobold demonologist
 12021 | D:11     | Reached skill level 5 in Invocations
 12067 | D:11     | Noticed a manticore
 12091 | D:11     | Killed a manticore
 12255 | D:11     | Reached XP level 11. HP: 58/72 MP: 9/22
 13112 | D:11     | Found a staircase to the Lair.
 13159 | D:11     | Noticed a centaur warrior
 13248 | Lair:1   | Entered Level 1 of the Lair of Beasts
 13253 | Lair:1   | Noticed a five-headed hydra
 13257 | Lair:1   | Found a gate leading to a gauntlet.
 13454 | Lair:1   | You fall into a shaft and drop 1 floor!
 13477 | Lair:1   | Noticed a seven-headed hydra
 13579 | Lair:1   | Reached skill level 1 in Ice Magic
 13587 | Gauntlet | Entered a Gauntlet
 13587 | Gauntlet | Found a transporter.
 13587 | Gauntlet | Found a transporter.
 13587 | Gauntlet | Found a transporter.
 13588 | Gauntlet | Noticed a wizard
 13625 | Gauntlet | Found a transporter.
 13626 | Gauntlet | Found a transporter.
 13628 | Gauntlet | Noticed a moth of wrath
 13629 | Gauntlet | Found a transporter.
 13639 | Gauntlet | Found a runed translucent gate.
 13639 | Gauntlet | Found a transporter.
 13641 | Gauntlet | Found a runed translucent gate.
 13641 | Gauntlet | Found a transporter.
 13642 | Gauntlet | Found a runed translucent gate.
 13642 | Gauntlet | Found a transporter.
 13644 | Gauntlet | Found a transporter.
 13650 | Gauntlet | Noticed a cacodemon
 13653 | Gauntlet | Noticed a soul eater
 13654 | Gauntlet | Found a transporter.
 13657 | Gauntlet | Found a transporter.
 13837 | Gauntlet | Killed a wizard
 13838 | Gauntlet | Reached skill level 8 in Spellcasting
 14122 | Gauntlet | Killed a moth of wrath
 14334 | Gauntlet | Identified the +0 leather armour "Otieqo" {-Tele Rampage
                  | rElec rN++}
 14334 | Gauntlet | Noticed a minotaur
 14356 | Gauntlet | Killed a minotaur
 14365 | Gauntlet | Got the Compendium of Lightness and Snow
 14389 | Gauntlet | Learned a level 4 spell: Olgreb's Toxic Radiance
 14443 | Lair:1   | Reached skill level 1 in Poison Magic
 14447 | Lair:1   | Reached XP level 12. HP: 73/79 MP: 15/24
 14638 | Lair:1   | Reached skill level 10 in Stealth
 14765 | Lair:1   | Noticed Sonja
 14851 | Lair:2   | Reached *** piety under Sif Muna
 15093 | Lair:2   | Found a staircase to the Snake Pit.
 15211 | Lair:2   | Noticed a seven-headed hydra
 15218 | Lair:2   | Noticed a six-headed hydra
 15267 | Lair:2   | Found a staircase to the Swamp.
 15758 | Lair:2   | Killed a six-headed hydra
 15759 | Lair:2   | Reached skill level 10 in Air Magic
 15983 | Lair:2   | Killed a seven-headed hydra
 17477 | Lair:3   | Reached XP level 13. HP: 76/83 MP: 9/25
 18195 | Lair:4   | Reached skill level 9 in Spellcasting
 18389 | Lair:4   | Reached **** piety under Sif Muna
 19117 | Lair:5   | Learned a level 4 spell: Airstrike
 19363 | Lair:5   | Found a staircase to the Slime Pits.
 19768 | Lair:5   | Reached skill level 10 in Spellcasting
 20134 | Lair:5   | Identified the +2 lajatang of the Living Dead {vorpal,
                  | Str+8 Int-2 Dex-4 Stlth+}
 20844 | Lair:6   | Entered Level 6 of the Lair of Beasts
 21017 | Lair:6   | Learned a level 2 spell: Blink
 21080 | Lair:6   | Reached skill level 1 in Conjurations
 21443 | Lair:6   | Found a large runed translucent door.
 21443 | Lair:6   | Found a large runed translucent door.
 21443 | Lair:6   | Noticed a fire dragon
 21443 | Lair:6   | Found the ring of Shadows {Umbra +Inv Stlth+}
 21455 | Lair:6   | Killed a fire dragon
 21455 | Lair:6   | Reached ***** piety under Sif Muna
 21534 | Lair:6   | Identified the +1 leather armour "Qaphulo" {Drain rPois
                  | rCorr Str+3}
 21558 | Lair:6   | Received a gift from Sif Muna
 21561 | Lair:6   | Reached skill level 1 in Evocations
 21567 | Lair:6   | Got Sif Muna's Disquisition on the Oath and Unholy Rites
                  | {god gift}
 21579 | Lair:6   | Reached XP level 14. HP: 82/90 MP: 10/28
 21766 | Lair:6   | Reached skill level 11 in Spellcasting
 23459 | Lair:1   | Reached skill level 12 in Spellcasting
 23702 | Lair:1   | Killed Sonja
 24664 | D:11     | Noticed Psyche
 24670 | D:11     | Killed Psyche
 25466 | D:12     | Noticed Jorgrun
 25484 | D:12     | Killed Jorgrun
 25744 | D:12     | Found a staircase to the Orcish Mines.
 26280 | D:12     | Identified the +11 long sword of the Aged Seas {freeze,
                  | Str+2}
 26581 | Orc:1    | Entered Level 1 of the Orcish Mines
 26583 | Orc:1    | Received a gift from Sif Muna
 26594 | Orc:1    | Reached skill level 13 in Spellcasting
 26929 | Orc:1    | Got Sif Muna's Collected Works on the Birds and Clay {god
                  | gift}
 26941 | Orc:1    | Learned a level 5 spell: Lee's Rapid Deconstruction
 27781 | Orc:2    | Entered Level 2 of the Orcish Mines
 28020 | Orc:2    | Found a staircase to the Elven Halls.
 28024 | Orc:2    | Found Jutojem's Antique Armour Boutique.
 28181 | Orc:2    | Reached XP level 15. HP: 80/94 MP: 14/32
 28194 | Orc:2    | Reached skill level 1 in Translocations
 28683 | Orc:2    | Found Jimyapn's Armour Shop.
 28683 | Orc:2    | Found Iwnop's Magic Scroll Shop.
 28731 | Orc:2    | Found Qopufie's Jewellery Shoppe.
 28731 | Orc:2    | Found Zymachant's Weapon Shoppe.
 28770 | Orc:2    | Bought a scroll of identify for 28 gold pieces
 28770 | Orc:2    | Bought a scroll of teleportation for 42 gold pieces
 28783 | Orc:2    | Bought a +4 ring of protection for 468 gold pieces
 28783 | Orc:2    | Bought the ring "Jec Haez" {Dex+6 SInv} for 906 gold pieces
 28843 | Elf:1    | Entered Level 1 of the Elven Halls
 29325 | D:13     | Found a gate to the Vaults.
 30171 | D:13     | Received a gift from Sif Muna
 30829 | D:13     | You fall into a shaft and drop 2 floors!
 30829 | D:15     | Entered Level 15 of the Dungeon
 30833 | D:15     | Identified the +1 leather armour of the Fiddle {rElec
                  | Regen+ rCorr}
 30851 | D:15     | Found a flickering gateway to a bazaar.
 30864 | Bazaar   | Entered a bazaar
 30864 | Bazaar   | Found Cosyerit's Magic Scroll Boutique.
 30864 | Bazaar   | Found Qakeosom's Antique Armour Boutique.
 30881 | Bazaar   | Bought a scroll of identify for 20 gold pieces
 30881 | Bazaar   | Bought a scroll of holy word for 75 gold pieces
 30895 | Bazaar   | Found Alyarr Dugo's General Store.
 30904 | Bazaar   | Bought a scroll of identify for 28 gold pieces
 30904 | Bazaar   | Found Seducu's Antique Weapon Shop.
 30915 | Bazaar   | Found Feasyl's Jewellery Emporium.
 30923 | Bazaar   | Bought a ring of wizardry for 420 gold pieces
 30934 | Bazaar   | Bought a pitted shortbow for 136 gold pieces
 30934 | Bazaar   | Identified the +5 shortbow of Wyrd {speed, Will+ MP+9
                  | Int+3} (You bought it in a shop in a bazaar)
 31281 | D:15     | Received a gift from Sif Muna
 31282 | D:15     | Reached skill level 14 in Spellcasting
 31282 | D:15     | Got Sif Muna's Collected Works on Frigorific Shape Shifting
                  | {god gift}
 31331 | D:15     | Found a frozen archway.
 31415 | D:15     | Reached skill level 5 in Conjurations
 31467 | D:15     | Reached skill level 5 in Short Blades
 31486 | D:15     | Reached skill level 15 in Stealth
 31486 | D:15     | Reached XP level 16. HP: 62/99 MP: 15/34
 31528 | IceCv    | Entered an ice cave
 31922 | IceCv    | Found an ancient bone altar of Kikubaaqudgha.
 32017 | IceCv    | Learned a level 4 spell: Flame Wave
 32732 | IceCv    | Noticed a lich
 33077 | IceCv    | Killed a lich
 33231 | IceCv    | Reached skill level 5 in Ice Magic
 33383 | IceCv    | Reached skill level 10 in Earth Magic
 33952 | IceCv    | Identified the +2 pair of gloves of the Elephant {rC+ rCorr
                  | Stlth-}
 34376 | IceCv    | Identified the ring "Zyizis" {rN+ Str+4 Dex+4}
 34383 | IceCv    | Got A Primer on Witchery
 34725 | D:15     | Found a portal to a secret trove of treasure.
 34965 | D:15     | Found a staircase to the Depths.
 35389 | D:15     | Learned a level 8 spell: Maxwell's Capacitive Coupling
 35643 | D:14     | Reached skill level 1 in Shields
 36591 | D:14     | Found a sparkling altar of Nemelex Xobeh.
 36641 | D:14     | Noticed Frances
 36656 | D:14     | Killed Frances
 37263 | Swamp:1  | Entered Level 1 of the Swamp
 37263 | Swamp:1  | Noticed a fenstrider witch
 37265 | Swamp:1  | Killed a fenstrider witch
 37737 | Swamp:2  | Reached skill level 15 in Spellcasting
 38201 | Swamp:2  | Reached XP level 17. HP: 104/105 MP: 21/36
 38208 | Swamp:2  | Learned a level 5 spell: Borgnjor's Vile Clutch
 38385 | Swamp:2  | Reached skill level 10 in Invocations
 39426 | Swamp:3  | Reached skill level 5 in Shields
 39932 | Swamp:3  | Reached skill level 15 in Air Magic
 40655 | Swamp:3  | Found an iron altar of Okawaru.
 41669 | Swamp:4  | Entered Level 4 of the Swamp
 41692 | Swamp:4  | Noticed the 27-headed Lernaean hydra
 41718 | Swamp:4  | Killed the 27-headed Lernaean hydra
 41967 | Swamp:4  | Reached skill level 10 in Dodging
 43491 | Swamp:4  | Got a decaying rune of Zot
 43596 | Swamp:4  | Found a runed translucent door.
 43602 | Swamp:4  | Noticed Silenth's ghost (adept KoHu)
 43631 | Swamp:4  | Noticed Bai Suzhen
 43848 | Swamp:4  | Killed Bai Suzhen
 43849 | Swamp:4  | Reached skill level 10 in Conjurations
 44575 | Swamp:4  | Killed Silenth's ghost
 44846 | Snake:1  | Entered Level 1 of the Snake Pit
 45135 | Snake:1  | Reached XP level 18. HP: 110/110 MP: 26/37
 45860 | Snake:1  | Found Zeilutes's Jewellery Shoppe.
 45862 | Snake:1  | Found Woicwarygg's Magic Scroll Emporium.
 45864 | Snake:1  | Found Hihak's Distillery.
 45870 | Snake:1  | Bought a scroll of teleportation for 42 gold pieces
 45870 | Snake:1  | Bought 2 scrolls of teleportation for 84 gold pieces
 45870 | Snake:1  | Bought a scroll of teleportation for 42 gold pieces
 45872 | Snake:1  | Bought a +4 ring of protection for 540 gold pieces
 45878 | Snake:1  | Bought 2 potions of heal wounds for 150 gold pieces
 45878 | Snake:1  | Bought a potion of haste for 150 gold pieces
 46936 | Snake:1  | Received a gift from Sif Muna
 47031 | Snake:1  | Got Sif Muna's Catalogue of Heat {god gift}
 50791 | Snake:2  | Found Qaydokat's Distillery.
 50902 | Snake:2  | Bought a potion of curing for 39 gold pieces
 50902 | Snake:2  | Bought a potion of heal wounds for 65 gold pieces
 51114 | Snake:3  | Identified the +4 long sword "Imieff" {freeze, rF- rC+
                  | Int+4}
 51720 | D:4      | Identified the ring of Irume {Fire Will+}
 51951 | D:4      | Noticed peterlawrence's ghost (amateur MiFi)
 51965 | D:4      | Killed peterlawrence's ghost
 52050 | D:4      | Found a radiant altar of Vehumet.
 52290 | D:4      | Found Yddobeiv's Jewellery Shop.
 52581 | D:8      | Killed Descartes's ghost
 52769 | Elf:1    | Reached skill level 16 in Spellcasting
 53256 | Elf:1    | Found Fyttar's Armour Emporium.
 54402 | Elf:1    | Killed from afar by a deep elf zephyrmancer

Illustrated notes

Levels and vault maps discovered:
D:1:      wander_arrival_estate, layout_loops_ring, basic_ecumenical_altar
D:2:      cheibrodos_old_hovel, layout_loops_corners, basic_altar, minmay_cupped
D:3:      due_chaos_kobolds, layout_basic, nicolae_dithmenos_shadow_blocks
D:4:      layout_basic, mainiacjoe_overflow_surrounded_room,
          ebering_ghost_disaster_area, serial_shops, nicolae_shop_behind_doors
D:5:      layout_layer_cave, minmay_temple_entry_mini_moons,
          chequers_serial_rivers_large_a, minmay_manual_mares, uniq_menkaure
D:6:      layout_basic, slow_altar_2, serial_shops, shop_statue,
          serial_park_tiny_2
D:7:      layout_gridville, mainiacjoe_overflow_tiny_flanked,
          lemuel_flamethrower_2, uniq_harold, uniq_crazy_yiuf_cottage
D:8:      layout_basic, serial_glass, glass_columns_b, glass_columns_c,
          ebering_ghost_reflecting_pool
D:9:      layout_layer_cave, nicolae_kikubaaqudgha_miasma_corner,
          minmay_misc_feat_hallway
D:10:     layout_rooms, nicolae_overflow_quartered_altars
D:11:     layout_basic, due_lair_maze_entry_diamond, uniq_psyche
D:12:     layout_stronghold, kennysheep_orc_monster_closet_entryway,
          uniq_jorgrun
D:13:     layout_loops_cross, erik_vaults_2, special_room [special_room_bee]
D:14:     layout_gridville, nemelex_spade_bored_becter, uniq_frances
D:15:     grunt_enter_depths_magical_seal, layout_loops_ring, serial_shops,
          bzr_entry_gold, enter_trove_6, moated_statue, serial_ice,
          serial_ice_g, serial_ice_i, serial_ice_n, serial_ice_o, serial_ice_b,
          serial_ice_a, portal_ice_cave_entry_ugly_swarm,
          beargit_elvish_explorers
Temple:   nicolae_temple_figure_eight
Lair:1:   layout_chaotic_city, gauntlet_entry_generic,
          chequers_serial_rivers_micro_e, chequers_serial_rivers_room_b,
          nicolae_lair_run_with_the_wolves, uniq_sonja
Lair:2:   layout_layer_cave, swamp_mist_pool, guppyfry_snake_entry_island,
          lightli_volcano_entry_magma_tube, lemuel_fruit_fields
Lair:3:   layout_chaotic_city, nicolae_lair_grove_arrangements,
          infiniplex_staircase_pool_2
Lair:4:   layout_misc_corridors, chequers_serial_rivers_small_b
Lair:5:   wad_woods_structure_01, layout_gridlike, slime_dummy
Lair:6:   cheibrodos_lair_end_hotspot, layout_loops_ring
Swamp:1:  nicolae_swamp_tree_isthmus, layout_falls_marsh,
          gammafunk_ghost_wrathful_warriors, evilmike_swamp_ruin_house_1
Swamp:2:  layout_falls_marsh, hangedman_swamp_pad, swamp_pool4,
          nicolae_swamp_fairy_circle
Swamp:3:  layout_basic_swamp, lemuel_altar_in_water
Swamp:4:  swamp_alternative, layout_basic_swamp, gammafunk_ghost_grave,
          uniq_bai_suzhen
Snake:1:  layout_basic, minmay_shop_star
Snake:2:  minmay_snake_river, layout_basic, serial_shops,
          nicolae_shop_advertising_works [nicolae_subvault_shop_adworks]
Snake:3:  layout_chambers, basic_altar
Orc:1:    layout_caves, mines2_david
Orc:2:    st_orc_elflike, layout_diamond_mine, basic_altar, serial_shops, shop
Elf:1:    minmay_elf_arrival_plus, layout_geoelf_octagon, serial_shops,
          nicolae_shop_waterfront,
          portal_desolation_entry_nicolae_menacing_earthworks, evilmike_minifort

Skill      XL: |  1  2  3  4  5  6  7  8  9 10 11 12 13 14 15 16 17 18 |
---------------+-------------------------------------------------------+-----
Earth Magic    | 4 5 6 7 8 9 10 | 10.0
Stealth        | 3 4 5 7 9 14 15 | 15.0
Spellcasting   | 3 4 5 6 7 8 10 13 14 15 16 | 16.3
Short Blades   | 1 2 4 5 6 |  6.0
Fighting       | 1 3 6 |  6.0
Transmutations | 3 4 |  4.0
Invocations    | 2 3 5 7 8 9 10 12 | 12.0
Dodging        | 3 4 5 7 8 10 | 10.0
Air Magic      | 1 5 8 10 12 13 14 15 | 15.0
Ice Magic      | 3 4 5 |  5.0
Poison Magic   | 1 3 |  3.0
Conjurations   | 3 5 10 | 10.0
Evocations     | 1 4 |  4.0
Translocations | 2 |  2.0
Shields        | 4 6 9 |  9.9

Action                   |  1- 3 |  4- 6 |  7- 9 | 10-12 | 13-15 | 16-18 || total
-------------------------+-------+-------+-------+-------+-------+-------++-------
Melee: Unarmed           |     6 |       |       |       |       |       ||     6
       Constrict         |    10 |    13 |    27 |    33 |    41 |    21 ||   145
       Tentacles         |     7 |    13 |    42 |    42 |    73 |    45 ||   222
       Short sword       |    23 |    63 |   126 |   132 |   202 |   170 ||   716
       Punch             |       |     1 |     5 |     3 |     8 |     4 ||    21
       Staff             |       |       |       |    20 |    12 |     5 ||    37
       Quarterstaff      |       |       |       |     1 |       |       ||     1
 Cast: Sandblast         |    40 |    43 |    88 |   132 |   129 |   150 ||   582
       Petrify           |       |     3 |    26 |    82 |    91 |   119 ||   321
       Mephitic Cloud    |       |       |       |    37 |     9 |    10 ||    56
       Ignite Poison     |       |       |       |    26 |    70 |    33 ||   129
       Olgreb's Toxic Ra |       |       |       |    10 |    99 |    35 ||   144
       Freezing Cloud    |       |       |       |       |    59 |   108 ||   167
       Blink             |       |       |       |       |     8 |    22 ||    30
       Airstrike         |       |       |       |       |    13 |   208 ||   221
       Lee's Rapid Decon |       |       |       |       |    39 |   101 ||   140
       Maxwell's Capacit |       |       |       |       |       |     9 ||     9
       Borgnjor's Vile C |       |       |       |       |       |   114 ||   114
Invok: Channel Magic     |       |       |       |     4 |    12 |    15 ||    31
       Forget Spell      |       |       |       |       |       |     2 ||     2
 Abil: Evoke Invisibilit |       |       |       |       |       |     1 ||     1
Evoke: Wand              |       |       |       |     6 |     4 |    28 ||    38
  Use: Scroll            |       |     4 |     3 |    11 |    11 |     9 ||    38
       Potion            |       |       |       |    12 |     3 |     6 ||    21
 Stab: Sleeping          |     3 |     3 |     8 |     3 |    16 |    14 ||    47
       Petrified         |       |     3 |    40 |    79 |    62 |    55 ||   239
       Petrifying        |       |       |     1 |     3 |     4 |     6 ||    14
       Confused          |       |       |       |     3 |       |       ||     3
Armor: Skin              |     1 |     1 |     4 |     7 |    15 |    80 ||   108
Dodge: Dodged            |    23 |    86 |   129 |   183 |   207 |   383 ||  1011
Block: Other             |       |       |       |    22 |    25 |    71 ||   118
       Reflection        |       |       |       |     3 |     3 |     5 ||    11
